 Dungeon Crawl Stone Soup version 0.16-a0-715-g16937c4 (webtiles) character file.

69 PolkaDot the Insei (level 4, 0/37 HPs)
             Began as a Draconian Transmuter on Sept 21, 2014.
             Slain by an orc
             ... wielding a +0 mace
              (6 damage)
             ... on Level 2 of the Dungeon.
             The game lasted 00:04:57 (1307 turns).

PolkaDot the Insei (Draconian Transmuter)           Turns: 1307, Time: 00:04:57

HP   0/37        AC  5     Str 14      XL: 4   Next:  2%
MP   6/7         EV 12     Int 14      God:
Gold 108         SH  0     Dex 12      Spells:  1 memorised,  6 levels left

rFire  . . .     SeeInvis .       - Unarmed
rCold  . . .     Clarity  .     (armour unavailable)
rNeg   . . .     rCorr    .     (no shield)
rPois  .         rRot     .     (helmet restricted)
rElec  .         Spirit   .     (no cloak)
SustAb .         Warding  .     (no gloves)
rMut   .         Stasis   .     (boots unavailable)
Gourm  .                        (no amulet)
MR     .....                    (no ring)
                                (no ring)

@: appendage, flying, slowed, very slow, not resistant to hostile enchantments,
very unstealthy
A: unfitting armour, talons 3, blink 1, strong 1, wild magic 1, cold-blooded, AC
+5
a: End Transformation, Blink


You were on level 2 of the Dungeon.
You were hungry.
You had grown temporary talons.
You visited 1 branch of the dungeon, and saw 3 of its levels.

You collected 108 gold pieces.

Inventory:

Missiles
 b - 12 arrows
 t - 17 arrows of flame
Comestibles
 a - 2 bread rations
 o - a rotting chunk of giant newt flesh
 q - 2 chunks of worm flesh
 s - a beef jerky
Scrolls
 c - a scroll of enchant armour {unknown}
 e - a scroll of immolation {unknown}
 f - a scroll of remove curse {unknown}
 h - a scroll of teleportation {unknown}
 j - 3 scrolls of identify {unknown}
 l - a scroll of enchant weapon {unknown}
 n - a scroll of amnesia {unknown}
Jewellery
 i - an uncursed amulet of resist corrosion {unknown}
Potions
 m - a potion of mutation {!q}
Books
 d - a book of Changes

   Spells                             Type                      Level
   *Beastly Appendage                 Transmutation                1
   Sticks to Snakes                   Transmutation                2
   Spider Form                        Transmutation/Poison         3
   Ice Form                           Ice/Transmutation            4
   Blade Hands                        Transmutation                5


   Skills:
 + Level 2.4 Fighting
 - Level 1.7 Dodging
 * Level 3.9 Unarmed Combat
 - Level 2.0 Spellcasting
 + Level 2.8 Transmutations


You had 6 spell levels left.
You knew the following spells:

 Your Spells              Type           Power        Failure   Level  Hunger
a - Beastly Appendage     Trmt           ##....       19%         1    ##.....


Dungeon Overview and Level Annotations

Branches:
Dungeon (3/15)

Altars:
Qazlal


Innate Abilities, Weirdness & Mutations

Your plain brown scales are hard (AC +5).
Your body does not fit into most forms of armour.
Your cold-blooded metabolism reacts poorly to cold.
You have claws for feet.
You can translocate small distances at will.
Your muscles are strong. (Str +2)
Your spells are a little harder to cast, but a little more powerful.


Message History

You tail-slap the orc wizard.
The orc wizard is heavily wounded.
The orc wizard misses you. The orc hits you with a mace.
* * * LOW HITPOINT WARNING * * *
You closely miss the orc wizard.
The orc wizard is heavily wounded.
The orc wizard points at you and mumbles some strange words.
The magic dart hits you!
* * * LOW HITPOINT WARNING * * *
The orc barely misses you.
The orc wizard gestures at you while chanting.
You feel yourself slow down.
You hit the orc wizard.
You claw the orc wizard, but do no damage.
The orc wizard is severely wounded.
The orc wizard casts a spell at you. The magic dart hits you!
* * * LOW HITPOINT WARNING * * *
The orc hits you with a mace.
You die...

.#.......#.#...#.............#
......##.....................#
...####....##....#####.......#
#...##...###......####.......#
#...#........................#
................#...##.......#
...............####.##...)...####
...........>...oo...............#
#...#..........#@.#..#.......####
#...#....#..#####.##.####.####
##.#.....##.# #..#.## #.#
###......##.######....# #.#
......##..#.......#...# #.#
....#.###..######.###.###.#
....### ##................# ....#
########.........# ....########
#.........#


You could see an orc wizard and an orc.

Vanquished Creatures
  An orc wizard (D:2)
  3 worms (D:2)
  A giant gecko (D:1)
  4 giant cockroaches
  A hobgoblin (D:2)
  A ball python (D:3)
  4 bats
  A giant newt (D:2)
  4 goblins
  2 kobolds
  6 rats
28 creatures vanquished.

Notes
Turn   | Place    | Note
--------------------------------------------------------------
     0 | D:1      | PolkaDot, the Draconian Transmuter, began the quest for the Orb.
     0 | D:1      | Reached XP level 1. HP: 16/16 MP: 3/3
   359 | D:1      | Reached XP level 2. HP: 23/23 MP: 4/4
   923 | D:2      | Reached XP level 3. HP: 26/29 MP: 4/6
   989 | D:2      | Found a stormy altar of Qazlal.
  1282 | D:3      | Gained mutation: You can translocate small distances at will. [potion of mutation]
  1282 | D:3      | Gained mutation: Your spells are a little harder to cast, but a little more powerful. [potion of mutation]
  1282 | D:3      | Gained mutation: Your muscles are strong. (Str +2) [potion of mutation]
  1298 | D:2      | Reached XP level 4. HP: 22/37 MP: 5/7
  1307 | D:2      | Slain by an orc

Action                   |  1- 3 |  4- 6 || total
-------------------------+-------+-------++-------
Melee: Unarmed           |   106 |     9 ||   115
 Cast: Beastly Appendage |    10 |       ||    10
  Use: Potion            |     6 |       ||     6
  Eat: Chunk             |     1 |       ||     1
